 Dungeon Crawl Stone Soup version 0.26.0-45-g9c1d065592 (webtiles) character file.

Game seed: 14622384467398262400

(classic levelgen) 7535 thiole the Arsonist (level 11, -3/112 HPs)
             Began as an Octopode Venom Mage on Jan 29, 2021.
             Was an Initiate of Gozag.
             Killed from afar by a frost giant (5 damage)
             ... with a bolt of cold
             ... on level 10 of the Dungeon.
             The game lasted 00:32:23 (12358 turns).

thiole the Arsonist (Octopode Venom Mage)          Turns: 12358, Time: 00:32:23

Health: -3/112     AC: 29    Str:  9      XL:     11   Next: 16%
Magic:  0/27       EV:  2    Int: 32      God:    Gozag
Gold:   248        SH:  0    Dex:  7 (12) Spells: 9/20 levels left

rFire    . . .     SeeInvis .   a - +7 mace (protect)
rCold    + . .     Faith    .   (no shield)
rNeg     + + +     Spirit   +   (helmet currently unavailable)
rPois    +         Reflect  .   C - amulet of guardian spirit
rElec    .         Harm     .   m - ring of positive energy
rCorr    .         Rampage  .   c - ring of magical power
Will     .....     NoTele   +   y - ring of protection from cold
Stlth    +++.......             s - +6 ring of intelligence
HPRegen  0.28/turn              G - +6 ring of intelligence
MPRegen  0.20/turn              q - +4 ring of protection
                                (no ring)
                                (no ring)

@: tree-form, gold aura, hasted and slowed
A: almost no armour, stealthy swim, (amphibious), 8 rings, (constrict 8)
a: Renounce Religion, Potion Petition, Call Merchant, Bribe Branch


You were on level 10 of the Dungeon.
You worshipped Gozag.
Gozag was aware of your devotion.
You were a tree.
You visited 2 branches of the dungeon, and saw 11 of its levels.
You also visited: Sewer.

You collected 1078 gold pieces.
You spent 310 gold pieces at shops.
You paid 520 gold pieces to Gozag.

Inventory:

Hand Weapons
 a - a +7 mace of protection (weapon)
 u - a +2 whip of electrocution
Missiles
 e - 454 stones
Magical Staves
 b - an uncursed staff of poison
Jewellery
 c - a ring of magical power (right branch)
 m - a ring of positive energy (left branch)
 q - a +4 ring of protection (on tentacle)
 s - a +6 ring of intelligence (on tentacle)
 y - a ring of protection from cold (on tentacle)
 C - an amulet of guardian spirit (around neck)
 G - a +6 ring of intelligence (on tentacle)
 H - an uncursed amulet of faith {unknown}
 I - an uncursed amulet of faith {unknown}
Wands
 j - a wand of iceblast (13)
 r - a wand of random effects (40)
 B - a wand of digging (4)
 F - a wand of disintegration (19)
Scrolls
 f - 4 scrolls of enchant armour
 g - 2 scrolls of blinking {unknown}
 i - 5 scrolls of remove curse
 n - 4 scrolls of magic mapping
 t - a scroll of random uselessness {unknown}
 w - 2 scrolls of fog {unknown}
 x - a scroll of enchant weapon
 A - 5 scrolls of teleportation {unknown}
 E - 2 scrolls of amnesia
Potions
 d - 2 potions of curing
 o - 3 potions of mutation
 p - 3 potions of flight
 v - 4 potions of ambrosia
 z - a potion of invisibility


   Skills:
 - Level 7.0 Fighting
 - Level 2.0 Dodging
 + Level 5.7 Stealth
 - Level 5.0 Spellcasting
 - Level 4.0 Conjurations
 - Level 4.0 Transmutations
 - Level 10.9 Fire Magic
 - Level 4.0 Air Magic
 - Level 7.0 Poison Magic


You had 9 spell levels left.
You knew the following spells:

 Your Spells              Type           Power        Failure   Level
a - Sting                 Tmut/Pois      100%         1%          1
b - Mephitic Cloud        Conj/Pois/Air  40%          1%          3
c - Ignite Poison         Fire/Tmut/Pois 53%          1%          3
d - Olgreb's Toxic Radia  Pois           51%          2%          4

Your spell library contained the following spells:

 Spells                   Type           Power        Failure   Level
 Magic Dart               Conj           100%         1%          1
 Poisonous Vapours        Pois/Air       86%          1%          2


Dungeon Overview and Level Annotations

Branches:
Dungeon (10/15)            Temple (1/1) D:6           Sewer (visited)
   Lair: D:8-11         Orc: D:9-12

Altars:
Ashenzari
Cheibriados
Dithmenos
Elyvilon
Fedhas
Gozag
Hepliaklqana
Kikubaaqudgha
Makhleb
Nemelex Xobeh
Okawaru
Qazlal
Ru
Sif Muna
Trog
Uskayaw
Vehumet
Wu Jian
Xom
Yredelemnul
Zin
The Shining One

Shops:
D:7 !*   D:9 }


Innate Abilities, Weirdness & Mutations

You cannot wear most types of armour.
You are very stealthy in the water. (Stealth+)
((You are amphibious.))
You can wear up to eight rings at the same time.
((You can use your tentacles to constrict eight enemies at once.))
((Your skin changes colour to match your surroundings (Stealth+).))
((Your rubbery body absorbs attacks. (AC +1, EV +1)))


Message History

The two-headed ogre hits you but does no damage. x2 [a] - 160 gold - heal wounds and curing [b] - 420 gold - haste and resistance [c] - 390 gold - haste and heal wounds Purchase which effect?
You no longer have enough gold to petition Gozag for potion effects.
You feel yourself speed up.
You feel much better. The frost giant casts a spell at you.
The bolt of cold hits you!! You resist.
* * * LOW HITPOINT WARNING * * *
The frost giant casts a spell at you. The bolt of cold hits you!! You resist.
* * * LOW HITPOINT WARNING * * *
The two-headed ogre hits you but does no damage. x2
Unknown command.
You barely miss the two-headed ogre. The frost giant casts a spell at you.
The bolt of cold hits you. You resist.
You die...
Your body crumbles into a pile of gold.

#####
#...#
#...#
...#
##$##
#♣(.#
#CO.#
#...#
##'##
#...#
#...'
#...#
##'###
##+###
#.#.##
#.....


You could see a frost giant and a two-headed ogre.

Vanquished Creatures
  Harold (D:7)
  A two-headed ogre (D:8)
  Pikel (D:5)
  A deep elf mage (D:10)
  A cyclops (D:10)
  Psyche (D:8)
  Grinder (D:6)
  Prince Ribbit (D:6)
  A wyvern (D:8)
  A wraith (D:10)
  A water moccasin (D:9)
  2 sky beasts (D:8)
  2 orc warriors (D:9)
  A black bear (D:8)
  2 ice beasts
  5 ogres
  A necrophage (D:6)
  4 centaurs
  A lemure (D:5)
  A big kobold (D:7)
  Blork the orc (D:6)
  5 bullfrogs
  A wyvern zombie (D:8)
  6 howler monkeys
  A bullfrog zombie (D:8)
  2 quasits (D:9)
  4 hounds
  3 bullfrog skeletons
  A jelly (D:8)
  5 orc wizards
  A gnoll shaman (D:8)
  9 orc priests
  A centaur skeleton (D:9)
  2 iguanas
  8 worker ants
  A hound skeleton (D:4)
  Robin (D:2)
  11 gnolls
  12 adders
  2 shadow imps (D:8)
  5 white imps
  An ufetubus (D:5)
  14 oozes
  4 worms
  2 dart slugs (D:1)
  25 leopard geckos
  38 orcs
  13 giant cockroaches
  18 goblins
  12 hobgoblins
  3 jackals (D:6)
  5 quokkas
  10 ball pythons (Sewer)
  5 bats
  18 frilled lizards
  11 kobolds
  A quokka skeleton (D:9)
  A quokka zombie (D:6)
  7 rats
300 creatures vanquished.

Vanquished Creatures (others)
  3 plants (D:1)
3 creatures vanquished.

Grand Total: 303 creatures vanquished

Notes
Turn   | Place    | Note
-------+----------+-------------------------------------------
     0 | D:1      | thiole the Octopode Venom Mage began the quest for the Orb.
     0 | D:1      | Reached XP level 1. HP: 11/11 MP: 3/3
   215 | D:1      | Reached XP level 2. HP: 17/17 MP: 3/5
   795 | D:2      | Reached skill level 1 in Fighting
   795 | D:2      | Reached XP level 3. HP: 23/23 MP: 3/6
  1307 | D:2      | Reached skill level 1 in Air Magic
  1307 | D:2      | Reached XP level 4. HP: 29/29 MP: 1/7
  1989 | D:2      | Noticed Robin
  2017 | D:2      | Reached skill level 1 in Conjurations
  2065 | D:2      | Killed Robin
  2432 | D:2      | Reached XP level 5. HP: 34/34 MP: 4/8
  2799 | D:2      | Found a hazy altar of Hepliaklqana.
  3547 | D:3      | Reached XP level 6. HP: 28/42 MP: 3/9
  3798 | D:3      | Found a shimmering blue altar of Sif Muna.
  3811 | D:3      | Identified Sif Muna's Grimoire of Conjuration
  3920 | D:3      | Found a bloodstained altar of Trog.
  4289 | D:4      | Found a glowing drain.
  4293 | Sewer    | Entered a sewer
  4764 | Sewer    | Reached XP level 7. HP: 48/48 MP: 12/12
  5464 | D:4      | Reached skill level 5 in Spellcasting
  5669 | D:4      | Found an ornate altar of the Wu Jian Council.
  5738 | D:4      | Got a smoking plate armour
  5941 | D:4      | Learned a level 3 spell: Mephitic Cloud
  5945 | D:4      | Learned a level 3 spell: Ignite Poison
  5950 | D:4      | Learned a level 4 spell: Olgreb's Toxic Radiance
  5994 | D:5      | Entered Level 5 of the Dungeon
  6186 | D:5      | Reached XP level 8. HP: 45/54 MP: 15/15
  6623 | D:5      | Reached skill level 5 in Fighting
  6786 | D:5      | Found a sacrificial altar of Ru.
  7089 | D:5      | Noticed Pikel
  7103 | D:5      | Killed Pikel
  7104 | D:5      | Reached skill level 2 in Fire Magic
  7468 | D:6      | Reached skill level 3 in Fire Magic
  7497 | D:6      | Reached XP level 9. HP: 59/64 MP: 16/16
  7512 | D:6      | Found a staircase to the Ecumenical Temple.
  7512 | D:6      | Noticed Prince Ribbit
  7519 | D:6      | Killed Prince Ribbit
  7520 | D:6      | Reached skill level 4 in Fire Magic
  7592 | Temple   | Entered the Ecumenical Temple
  7698 | D:6      | Noticed Blork the orc
  7703 | D:6      | Killed Blork the orc
  7704 | D:6      | Reached skill level 5 in Fire Magic
  7925 | D:6      | Noticed Grinder
  7935 | D:6      | Paralysed by Grinder for 7 turns
  7950 | D:6      | Paralysed by Grinder for 5 turns
  7963 | D:6      | Paralysed by Grinder for 3 turns
  7971 | D:6      | Killed Grinder
  7972 | D:6      | Reached skill level 6 in Fire Magic
  8503 | D:7      | Noticed Harold
  8505 | D:7      | Reached skill level 7 in Fire Magic
  8818 | D:7      | Found a glowing golden altar of the Shining One.
  8956 | D:7      | Found Hevit's Distillery.
  9010 | D:7      | Found an opulent altar of Gozag.
  9010 | D:7      | Found a sparkling altar of Nemelex Xobeh.
  9016 | D:7      | Became a worshipper of Gozag Ym Sagoz the Greedy
  9063 | D:7      | Killed Harold
  9064 | D:7      | Reached skill level 9 in Fire Magic
  9064 | D:7      | Reached XP level 10. HP: 58/71 MP: 3/17
  9247 | D:7      | Found Jueguq's Assorted Antiques.
  9256 | D:7      | Bought an ivory wand for 124 gold pieces
  9256 | D:7      | Bought a square bone amulet for 155 gold pieces
  9256 | D:7      | Bought a scroll labelled TAEGICAPIRCH for 31 gold pieces
  9555 | D:8      | Found a shimmering altar of Xom.
  9592 | D:8      | Reached skill level 10 in Fire Magic
  9646 | D:8      | Noticed Psyche
  9668 | D:8      | Killed Psyche
 10696 | D:8      | Noticed a two-headed ogre
 10701 | D:8      | Killed a two-headed ogre
 11363 | D:9      | Found Josuakh's Gadget Boutique.
 11665 | D:9      | Reached skill level 5 in Poison Magic
 11811 | D:9      | Reached XP level 11. HP: 35/75 MP: 11/18
 12103 | D:9      | Found a shadowy altar of Dithmenos.
 12158 | D:9      | Found a stormy altar of Qazlal.
 12215 | D:9      | Found a radiant altar of Vehumet.
 12216 | D:9      | Found an iron altar of Okawaru.
 12259 | D:10     | Entered Level 10 of the Dungeon
 12295 | D:10     | Noticed a deep elf mage
 12301 | D:10     | Killed a deep elf mage
 12333 | D:10     | Noticed a cyclops
 12339 | D:10     | Killed a cyclops
 12340 | D:10     | Reached skill level 5 in Stealth
 12346 | D:10     | Noticed a frost giant
 12354 | D:10     | Noticed a two-headed ogre
 12357 | D:10     | HP: 1/112 [frost giant/bolt of cold (19)]
 12358 | D:10     | Killed from afar by a frost giant

Illustrated notes

Levels and vault maps discovered:
D:1:      elethiomel_arrival_quiet, layout_loops_cross, serial_bayou_lagoon_a
D:2:      layout_basic, nzn_hepliaklqana_mist_gate, uniq_robin
D:3:      minmay_octagon_keep, layout_rooms,
          nzn_overflow_gifts_of_might_and_magic, minmay_puff
D:4:      minmay_razor_zed, layout_basic, lemuel_doored_altar,
          gup_sewer_entry_bowl
D:5:      minmay_opposing_rooms, layout_basic, nicolae_ru_sacrificial_ziggurat,
          minmay_misc_feat_ornament, uniq_pikel
D:6:      layout_rooms, temple_green, uniq_prince_ribbit1, uniq_grinder,
          uniq_blork_the_orc
D:7:      layout_rooms, grunt_temple_overflow_opulence,
          overflow_temple_1_default, serial_shops, nicolae_shop_crystal,
          kennysheep_mini, uniq_harold
D:8:      layout_cave_pools, basic_altar, uniq_psyche
D:9:      layout_cave_pools, nicolae_qazlal_eye_of_the_storm,
          gammafunk_temple_overflow_statue, serial_shops, shop, basic_altar
D:10:     layout_roguey, erik_orc_4, special_room [special_room_orc],
          minmay_evil_grid
Temple:   minmay_freezing_vapour_temple

Skill      XL: |  1  2  3  4  5  6  7  8  9 10 11 |
---------------+----------------------------------+-----
Poison Magic   | 4 5 7 |  7.0
Stealth        | 3 4 5 |  5.7
Fighting       | 1 2 3 4 7 |  7.0
Air Magic      | 1 2 4 |  4.0
Conjurations   | 2 3 4 |  4.0
Transmutations | 2 4 |  4.0
Spellcasting   | 3 5 |  5.0
Fire Magic     | 3 9 10 | 10.9
Dodging        | |  2.0

Action                   |  1- 3 |  4- 6 |  7- 9 | 10-12 || total
-------------------------+-------+-------+-------+-------++-------
Melee: Unarmed           |    12 |    55 |       |       ||    67
       Constrict         |     6 |    34 |    43 |    15 ||    98
       Tentacles         |     3 |    23 |    32 |    13 ||    71
       Mace              |       |    97 |   197 |    94 ||   388
       Staff             |       |       |       |     8 ||     8
 Cast: Sting             |    40 |   124 |    26 |    20 ||   210
       Ignite Poison     |       |       |    11 |    24 ||    35
       Olgreb's Toxic Ra |       |       |    11 |    34 ||    45
       Mephitic Cloud    |       |       |     4 |     7 ||    11
Invok: Potion Petition   |       |       |       |     1 ||     1
  Use: Potion            |       |     2 |     1 |     8 ||    11
       Scroll            |       |     7 |     9 |     5 ||    21
 Stab: Sleeping          |       |     9 |     9 |     2 ||    20
Armor: Skin              |       |    66 |    58 |    45 ||   169
Dodge: Dodged            |     9 |   185 |   157 |    83 ||   434
